 Dungeon Crawl Stone Soup version 0.23.0 (webtiles) character file.

Game seed: 2557658624937291635

281 varaam the Ruffian (level 6, 0/54 HPs)
             Began as a Troll Transmuter on Feb 18, 2019.
             Was a Follower of Ashenzari.
             Killed by divine providence
             ... invoked by an orc priest
              (9 damage)
             ... on level 4 of the Dungeon.
             The game lasted 00:08:07 (3026 turns).

varaam the Ruffian (Troll Transmuter)               Turns: 3026, Time: 00:08:08

Health: 0/54       AC:  6    Str: 20    XL:     6   Next: 6%
Magic:  3/6        EV: 10    Int: 12    God:    Ashenzari [*.....]
Gold:   205        SH:  0    Dex: 10    Spells: 6/7 levels left

rFire    . . .     SeeInvis .     - Unarmed
rCold    . . .     Gourm    +   (no shield)
rNeg     . . .     Faith    .   b - +0 robe
rPois    .         Spirit   .   (helmet restricted)
rElec    .         Reflect  .   (no cloak)
rCorr    +         Harm     .   (gloves unavailable)
MR       .....                  (boots unavailable)
Stlth    +.........             (no amulet)
HPRegen  0.58/turn              e - +2 ring of intelligence
MPRegen  0.10/turn              C - ring of resist corrosion

@: appendage (expiring), very slightly contaminated
A: large, unfitting armour, claws 3, talons 3, fast metabolism 3, gourmand,
regeneration 1, shaggy fur 1, tough skin 3
a: End Transformation, Curse Item, Scrying, Renounce Religion


You were on level 4 of the Dungeon.
You worshipped Ashenzari.
Ashenzari was aware of your devotion.
You were completely stuffed.
You had grown temporary talons.
You visited 1 branch of the dungeon, and saw 4 of its levels.

You collected 205 gold pieces.

Inventory:

Missiles
 a - 29 arrows
 k - 4 javelins
 Q - 50 stones (quivered)
Armour
 b - a +0 robe (worn)
 o - a +0 cloak
Jewellery
 e - a +2 ring of intelligence (left claw)
 C - a ring of resist corrosion (right claw)
Scrolls
 g - a scroll of fog {unknown}
 h - 3 scrolls of random uselessness {unknown}
 i - 4 scrolls of identify {unknown}
 l - a scroll of immolation {unknown}
 q - a scroll of teleportation {unknown}
 s - a scroll of remove curse
Potions
 c - a potion of lignification {unknown}
 f - a potion of haste {unknown}
 j - 2 potions of invisibility {unknown}
 m - a potion of brilliance {unknown}
 n - 2 potions of curing {unknown}
 p - a potion of cancellation {unknown}
 t - a potion of heal wounds {unknown}
Comestibles
 d - 11 rations
 r - 4 chunks of flesh


   Skills:
 - Level 0.7 Fighting
 - Level 1.5 Dodging
 + Level 6.8 Unarmed Combat
 - Level 1.2 Spellcasting
 - Level 1.3 Transmutations


You had 6 spell levels left.
You knew the following spells:

 Your Spells              Type           Power        Failure   Level  Hunger
a - Beastly Appendage     Tmut           #.....       17%         1    ##.....

Your spell library contained the following spells:

 Spells                   Type           Power        Failure   Level  Hunger
 Sticks to Snakes         Tmut           #.......     26%         2    ###....
 Corpse Rot               Necr           N/A          41%         2    ###....
 Spider Form              Tmut/Pois      #.........   54%         3    ####...
 Stone Arrow              Conj/Erth      #.....       65%         3    ####...
 Ice Form                 Ice/Tmut       #.......     91%         4    #####..
 Leda's Liquefaction      Hex/Erth       #.........   96%         4    #####..
 Blade Hands              Tmut           #.........   99%         5    ######.
 Summon Forest            Summ/Tloc      #.........   100%        5    ######.
 Hydra Form               Tmut           #.........   100%        6    #######
 Summon Hydra             Summ           #.........   100%        7    #######


Dungeon Overview and Level Annotations

Branches:
Dungeon (4/15)
 Temple: D:4-7

Altars:
Ashenzari
Hepliaklqana
Trog
Uskayaw


Innate Abilities, Weirdness & Mutations

You are too large for most types of armour.
You have claws for hands.
Your metabolism is lightning-fast.
You like to eat raw meat.
Your natural rate of healing is unusually fast.
You are covered in fur. (AC +1)
You have extremely tough skin. (AC +3)
You have claws for feet.


Message History

Increase (S)trength, (I)ntelligence, or (D)exterity?
You feel clever.
You feel stronger.
You regained 4 hp, and now have 26/54 hp.
You closely miss the orc.
The orc priest looks encouraged for a moment.
The orc hits you with a +1 flail of crushing!
* * * LOW HITPOINT WARNING * * *
x2 You take 10 damage, and have 16/54 hp.
You closely miss the orc. You claw the orc.
The orc priest calls upon Beogh to heal the orc.
The orc's wounds heal themselves!
You scratch the orc.
The orc hits you with a +1 flail of crushing!
* * * LOW HITPOINT WARNING * * *
x2 You take 9 damage, and have 8/54 hp.
You scratch the orc but do no damage. You claw the orc.
You kill the orc!
The orc priest invokes the aid of Beogh against you.
Beogh smites you!
You die...

#......#.
#........# . #
#.....#..# ..
#.####.....#.[#
...
#.#.....####..#
#.. #.......# .#
##... ###.....#
.....o####.....#
.....or@.'.....#
......####.....#
..### #.....#
#.....# #######


You could see an orc priest, an orc and a quokka.

Levels and vault maps discovered:
D:1:      nicolae_arrival_memento_mori, layout_loops_ring, minmay_pentomino_u4
D:2:      layout_basic, old_standard_altar, dancing_weapons_uskayaw,
          chequers_ecumenical_altar_simple_redux, tgw_trog,
          uniq_crazy_yiuf_cottage
D:3:      layout_rooms
D:4:      layout_basic, nicolae_overflow_hidden_temple,
          minmay_temple_entry_gardened_gates

Notes
Turn   | Place    | Note
-------+----------+-------------------------------------------
     0 | D:1      | varaam the Troll Transmuter began the quest for the Orb.
     0 | D:1      | Reached XP level 1. HP: 18/18 MP: 1/1
    91 | D:1      | Identified a +0 dagger
   134 | D:1      | Reached XP level 2. HP: 26/26 MP: 0/2
   198 | D:1      | Identified a +0 club
   209 | D:1      | Reached skill level 4 in Unarmed Combat
   228 | D:1      | Identified a +0 club
   229 | D:1      | Identified a +0 club
   288 | D:1      | Identified a ring of intelligence (You found it on level 1
                  | of the Dungeon)
   326 | D:1      | Reached XP level 3. HP: 32/32 MP: 3/3
   365 | D:1      | Identified a cursed -3 dagger
   398 | D:1      | Identified a +0 dagger
   405 | D:1      | Identified a +0 club
   456 | D:1      | Identified a +0 hunting sling
   485 | D:1      | Identified a +0 club
   504 | D:1      | Identified a +0 club
   522 | D:1      | Identified a +0 whip
   812 | D:1      | Identified a ring of resist corrosion (You found it on
                  | level 1 of the Dungeon)
   933 | D:2      | Identified a cursed -1 hand axe
   933 | D:2      | Noticed a -1 hand axe
   933 | D:2      | Identified a +0 hand axe
   933 | D:2      | Noticed a +0 hand axe
   934 | D:2      | Found a hide-covered altar of Uskayaw.
   952 | D:2      | Identified a +0 war axe of freezing
   952 | D:2      | Identified a +0 ring mail
   957 | D:2      | Identified a +0 club
   970 | D:2      | Identified a cursed -2 hand axe
   974 | D:2      | Reached skill level 5 in Unarmed Combat
   974 | D:2      | Reached XP level 4. HP: 38/40 MP: 1/4
   984 | D:2      | Identified a +0 morningstar
  1140 | D:2      | Identified a +0 club
  1171 | D:2      | Found a hazy altar of Hepliaklqana.
  1415 | D:2      | Found a faded altar of an unknown god.
  1589 | D:2      | Noticed a moth of wrath
  1592 | D:2      | Found a bloodstained altar of Trog.
  1604 | D:2      | HP: 5/40 [worm (16)]
  1651 | D:2      | Became a worshipper of Ashenzari the Shackled
  1651 | D:2      | Reached * piety under Ashenzari
  1778 | D:2      | Found a runed translucent door.
  1779 | D:2      | Identified a +3 quarterstaff of chaos
  1779 | D:2      | Identified a +0 cloak
  1779 | D:2      | Noticed Crazy Yiuf
  2144 | D:2      | Killed Crazy Yiuf
  2144 | D:2      | Reached XP level 5. HP: 34/46 MP: 0/5
  2315 | D:3      | Identified a +0 club
  2330 | D:3      | Identified a +0 club
  2425 | D:3      | Reached skill level 6 in Unarmed Combat
  2481 | D:3      | Identified a +0 club
  2674 | D:3      | Identified a +0 hand axe
  2674 | D:3      | Identified a +0 leather armour
  2675 | D:3      | Identified a +0 short sword
  3004 | D:4      | Identified a +0 dagger
  3004 | D:4      | Identified a cursed -2 robe
  3004 | D:4      | Identified a +1 flail of crushing
  3004 | D:4      | Identified a +0 club
  3004 | D:4      | Identified a +0 leather armour of poison resistance
  3022 | D:4      | Reached XP level 6. HP: 26/54 MP: 3/6
  3025 | D:4      | HP: 10/54 [orc/+1 flail of crushing (7)]
  3026 | D:4      | Killed from afar by an orc priest

Table legend:
 A = Turns spent in this place as a percentage of turns spent in the entire game.
 B = Non-inter-level travel turns spent in this place as a percentage of non-inter-level travel turns spent in the entire game.
 C = Inter-level travel turns spent in this place as a percentage of turns spent in this place.
 D = Turns resting spent in this place as a percentage of non-inter-level travel turns spent in this place.
 E = Turns spent auto-exploring this place as a percentage of non-inter-level travel turns spent in this place.
 F = Non-inter-level travel turns spent in this place divided by the number of levels of this place that you've seen.
                   A       B       C       D       E      F
               +-------+-------+-------+-------+-------+----------------------
         Total | 100.0 | 100.0 |   4.6 |   0.0 |  81.4 | 721.5
       Dungeon | 100.0 | 100.0 |   4.6 |   0.0 |  81.4 | 721.5
               +-------+-------+-------+-------+-------+----------------------

Table legend:
 A = Kills in this place as a percentage of kills in entire the game.
 B = Kills by you in this place as a percentage of kills by you in the entire game.
 C = Kills by friends in this place as a percentage of kills by friends in the entire game.
 D = Other kills in this place as a percentage of other kills in the entire game.
 E = Experience gained in this place as a percentage of experience gained in the entire game.
 F = Experience gained in this place divided by the number of levels of this place that you have seen.
                   A       B       C       D       E      F
               +-------+-------+-------+-------+-------+----------------------
         Total | 100.0 | 100.0 |   N/A |   N/A | 100.0 | 100.5
       Dungeon | 100.0 | 100.0 |   N/A |   N/A | 100.0 | 100.5
               +-------+-------+-------+-------+-------+----------------------

Skill      XL: |  1  2  3  4  5 |
---------------+----------------+-----
Unarmed Combat | 4 5 6 |  6.8
Fighting       | |  0.7
Dodging        | |  1.5
Spellcasting   | |  1.2
Transmutations | |  1.3

Action                   |  1- 3 |  4- 6 || total
-------------------------+-------+-------++-------
Melee: Unarmed           |    97 |   138 ||   235
       Punch             |     2 |       ||     2
       Headbutt          |     3 |     4 ||     7
       Kick              |       |     4 ||     4
 Cast: Beastly Appendage |     4 |    10 ||    14
 Stab: Sleeping          |     2 |     1 ||     3
  Eat: Chunk             |    14 |    20 ||    34
Armor: Robe              |    30 |    54 ||    84
Dodge: Dodged            |    47 |    54 ||   101

Vanquished Creatures
  A bullfrog skeleton (D:4)
  An orc wizard (D:4)
  Crazy Yiuf (D:2)
  An orc priest (D:2)
  A worker ant (D:4)
  2 adders (D:3)
  6 worms
  2 dart slugs
  5 leopard geckos
  5 orcs
  11 bats
  3 giant cockroaches
  9 goblins
  12 hobgoblins
  9 jackals (D:1)
  3 kobolds
  3 quokkas
  5 frilled lizards
  6 rats
86 creatures vanquished.
